 Dungeon Crawl Stone Soup version 0.28-b1-70-g80dc712255 (webtiles) character file.

Game seed: 15856300575706026699

490 adizb the Thaumaturge (level 6, -3/32 HPs)
             Began as a Deep Elf Conjurer on Feb 3, 2022.
             Shot with an arrow by a centaur (4 damage)
             ... on level 4 of the Dungeon.
             The game lasted 00:23:40 (2952 turns).

adizb the Thaumaturge (Deep Elf Conjurer)           Turns: 2952, Time: 00:23:41

Health: -3/32      AC:  5    Str:  4    XL:     6   Next: 90%
Magic:  12/19      EV: 14    Int: 25    God:
Gold:   110        SH:  0    Dex: 13    Spells: 15/21 levels left

rFire   + . .      SeeInvis .   (no weapon)
rCold   . . .      Faith    .   (no shield)
rNeg    . . .      Spirit   .   a - +0 robe
rPois   .          Reflect  .   m - +0 helmet
rElec   .          Harm     .   (no cloak)
rCorr   .          Rampage  .   g - +0 pair of gloves
Will    .....                   t - +0 pair of boots
Stlth   ++........              (no amulet)
HPRegen 0.10/turn               f - ring of fire
MPRegen 0.16/turn               j - ring of protection from cold

@: no status effects
A: no striking features
a: no special abilities


You were on level 4 of the Dungeon.
You visited 1 branch of the dungeon, and saw 4 of its levels.

You collected 110 gold pieces.

Inventory:

Armour
 a - a +0 robe (worn)
 g - a +0 pair of gloves (worn)
 m - a +0 helmet (worn)
 t - a +0 pair of boots (worn)
Jewellery
 f - a ring of fire (left hand)
 j - a ring of protection from cold (right hand)
 n - an amulet of guardian spirit
 u - an amulet of reflection
Wands
 e - a wand of acid (14)
Scrolls
 b - 2 scrolls of teleportation
 c - 2 scrolls of enchant armour {unknown}
 h - 2 scrolls of holy word
 l - a scroll of identify
 q - a scroll of vulnerability {unknown}
 s - 2 scrolls of amnesia {unknown}
 v - a scroll of noise {unknown}
 w - a scroll of brand weapon {unknown}
Potions
 d - a potion of ambrosia {unknown}
 i - a potion of degeneration {unknown}
 k - a potion of invisibility {unknown}
 o - a potion of cancellation {unknown}
 p - 2 potions of berserk rage {unknown}
 r - 2 potions of curing {unknown}


   Skills:
 + Level 5.4 Dodging
 - Level 2.4 Stealth
 * Level 8.3 Spellcasting
 + Level 4.4 Conjurations


You had 15 spell levels left.
You knew the following spells:

 Your Spells              Type           Power      Damage    Failure   Level
a - Magic Dart            Conj           100%       1d8       1%          1
b - Searing Ray           Conj           64%        2d6       1%          2
c - Dazzling Flash        Conj/Hex       42%        N/A       7%          3

Your spell library contained the following spells:

 Spells                   Type           Power      Damage    Failure   Level
 Fulminant Prism          Conj/Hex       10%        3d9       24%         4
 Iskenderun's Mystic Bla  Conj/Tloc      21%        2d6       24%         4


Dungeon Overview and Level Annotations

Branches:
Dungeon (4/15)
 Temple: D:4-7

Altars:
Cheibriados
Trog


Message History

Aim: a centaur, quivering arrows (asleep, 100% to hit)
The magic dart hits the centaur.
The centaur is lightly wounded.
The centaur shouts!
The centaur wields a +0 shortbow.
The centaur shoots an arrow.
The arrow barely misses you.
Unknown command.
You are a level 6 Deep Elf Conjurer.
You are 90% of the way to level 7.
Play time: 00:23:16 (2943 turns).
Zot will find you in 21057 turns if you stay in this branch and explore no new floors.
The centaur shoots an arrow.
Keep disrobing?
The arrow closely misses you.
You start removing your amulet.
You continue taking off your amulet of guardian spirit.
The centaur shoots an arrow.
The arrow barely misses you.
You continue taking off your amulet of guardian spirit.
The centaur shoots an arrow.
The arrow hits you!
The centaur shoots an arrow.
The arrow closely misses you.
You continue taking off your amulet of guardian spirit.
The centaur shoots an arrow.
The arrow hits you!
You continue taking off your amulet of guardian spirit.
The centaur shoots an arrow.
The arrow hits you.
You finish taking off your amulet of guardian spirit.
You start putting on your amulet.
You continue putting on your amulet of reflection. x2
The centaur shoots an arrow.
Keep equipping yourself?
The arrow hits you.
You continue putting on your amulet of reflection.
The centaur shoots an arrow.
The arrow hits you!
* * * LOW HITPOINT WARNING * * *
You continue putting on your amulet of reflection.
The centaur shoots an arrow.
The arrow hits you.
* * * LOW HITPOINT WARNING * * *
The centaur shoots an arrow.
The arrow hits you.
* * * LOW HITPOINT WARNING * * *
You continue putting on your amulet of reflection.
The centaur shoots an arrow.
The arrow hits you.
You die...

.. #.#.#.......#.#.#..
.....#...##.###.##...#.#
.....#.#...........#.#..
.......##.###.###.##...#
.....#...............#.#
....c##.###.###.###.##.#
...........###.........#
...........# #.........#
.......@...# #.........#
...........# ###.....#.#
...........# #.....#..
.....####### #######..
..... ##### #.> ....
#...# #####. ... #...#
#..... ... #...###.....
#.....'.....


You could see a centaur.

Vanquished Creatures
  Sigmund (D:2)
  An ogre (D:4)
  A jelly (D:4)
  An iguana (D:4)
  An orc wizard (D:4)
  Robin (D:3)
  3 gnolls (D:2)
  4 adders
  A worm (D:3)
  4 dart slugs
  4 orcs
  6 endoplasms
  3 giant cockroaches
  17 goblins
  12 hobgoblins
  2 jackals (D:3)
  4 kobolds
  A quokka (D:1)
  7 ball pythons
  3 bats
  A frilled lizard (D:3)
  3 rats (D:1)
81 creatures vanquished.

Notes
Turn   | Place    | Note
-------+----------+-------------------------------------------
     0 | D:1      | adizb the Deep Elf Conjurer began the quest for the Orb.
     0 | D:1      | Reached XP level 1. HP: 10/10 MP: 6/6
   159 | D:1      | Reached XP level 2. HP: 15/15 MP: 4/8
   214 | D:1      | Learned a level 2 spell: Searing Ray
   452 | D:1      | Reached skill level 4 in Spellcasting
   576 | D:1      | Reached XP level 3. HP: 16/19 MP: 1/10
  1044 | D:2      | Learned a level 3 spell: Dazzling Flash
  1072 | D:2      | Noticed Sigmund
  1140 | D:2      | Killed Sigmund
  1141 | D:2      | Reached skill level 6 in Spellcasting
  1141 | D:2      | Reached XP level 4. HP: 15/24 MP: 4/14
  1141 | D:2      | Reached XP level 5. HP: 18/28 MP: 4/16
  1274 | D:2      | Found a snail-covered altar of Cheibriados.
  1429 | D:2      | Found a faded altar of an unknown god.
  1755 | D:3      | Noticed Robin
  1768 | D:3      | Reached skill level 7 in Spellcasting
  1967 | D:3      | Reached XP level 6. HP: 26/32 MP: 11/18
  2091 | D:3      | Killed Robin
  2292 | D:4      | Found a bloodstained altar of Trog.
  2613 | D:4      | Reached skill level 5 in Dodging
  2652 | D:4      | Reached skill level 8 in Spellcasting
  2951 | D:4      | HP: 1/32 [centaur/arrow (1)]
  2952 | D:4      | Shot with an arrow by a centaur

Illustrated notes

Levels and vault maps discovered:
D:1:      dpeg_arrival_concentric_ovals, layout_basic
D:2:      layout_basic, basic_altar, shapermc_ecumenical_altar_mp_vishouse,
          uniq_sigmund
D:3:      layout_basic, uniq_robin
D:4:      layout_basic, trog_book, nicolae_concentric_dashed_squares_mild,
          kennysheep_generic_room_15

Skill      XL: |  1  2  3  4  5  6 |
---------------+-------------------+-----
Spellcasting   | 4 6 7 8 |  8.3
Dodging        | 3 4 5 |  5.4
Stealth        | |  2.4
Conjurations   | |  4.4

Action                   |  1- 3 |  4- 6 || total
-------------------------+-------+-------++-------
 Cast: Magic Dart        |    69 |   110 ||   179
       Searing Ray       |     1 |     4 ||     5
       Dazzling Flash    |       |     3 ||     3
  Use: Scroll            |       |     5 ||     5
Armor: Robe              |       |     8 ||     8
Dodge: Dodged            |     7 |    22 ||    29
